 Seeded DCSS version 0.30-a0-715-gdb4ae3ece1 (webtiles) character file.

Game seed: 5521405667356304816 (custom seed)

2 purpskrrrp the Caller (level 1, -1/7 HPs)
             Began as a Felid Summoner on Jan 23, 2023.
             Slain by a hobgoblin (5 damage)
             ... on level 1 of the Dungeon.
             The game lasted 00:00:26 (30 turns).

purpskrrrp the Caller (Felid Summoner)                Turns: 30, Time: 00:00:27

Health: -1/7       AC:  1    Str:  4    XL:     1   Next: 33%
Magic:  0/4        EV: 17    Int: 16    God:
Gold:   0          SH:  0    Dex: 16    Spells: 3/4 levels left
                                        Lives:  0   Deaths: 0

rFire   . . .      SeeInvis +    (weapon unavailable)
rCold   . . .      Faith    .    (shield unavailable)
rNeg    . . .      Spirit   .    (body armour unavailable)
rPois   .          Reflect  .    (helmet unavailable)
rElec   .          Harm     .    (cloak unavailable)
rCorr   .          Rampage  .    (gloves unavailable)
Will    .....                    (boots unavailable)
Stlth   ++                       (no amulet)
HPRegen 0.21/turn                (no ring)
MPRegen 0.09/turn                (no ring)

@: quick
A: very small, claws 1, fangs 3, see invisible, speed 1, shaggy fur 1, stealthy
paws, no weapons or thrown items, no armour, multi-lived
a: no special abilities


You were on level 1 of the Dungeon.
You visited 1 branch of the dungeon, and saw 1 of its levels.

Inventory:

Scrolls
 b - a scroll of noise {unknown}
Potions
 a - a potion of magic


   Skills:
 + Level 2.8 Dodging
 + Level 2.8 Stealth
 + Level 2.0 Spellcasting
 + Level 4.0 Summonings


You had 3 spell levels left.
You knew the following spells:

 Your Spells              Type           Power      Damage    Failure   Level
a - Summon Small Mammal   Summ           56%        N/A       4%          1

Your spell library contained the following spells:

 Spells                   Type           Power      Damage    Failure   Level
 Call Imp                 Summ           14%        N/A       6%          2
 Call Canine Familiar     Summ           14%        N/A       12%         3
 Summon Guardian Golem    Hex/Summ       8%         N/A       26%         3
 Summon Lightning Spire   Summ/Air       8%         N/A       65%         4


Dungeon Overview and Level Annotations

Branches:
Dungeon (1/15)

Altars:


Innate Abilities, Weirdness & Mutations

You have sharp claws.
You have razor-sharp teeth.
You have supernaturally acute eyesight. (SInv)
You cover ground quickly. (Speed+)
You are covered in fur. (AC +1)
Your paws help you pounce on unaware monsters.
You are incapable of wielding weapons or throwing items.
You cannot wear armour.
You gain extra lives every three experience levels.


Message History

Unknown command.
The hobgoblin closely misses your rat.
A hobgoblin comes into view.
Your rat bites the hobgoblin but does no damage.
You closely miss the ball python. Your bat hits the ball python. x2
The hobgoblin barely misses your rat. The ball python bites your bat.
The ball python closely misses your bat.
Your rat bites the hobgoblin but does no damage.
Your bat hits the ball python.
You pounce on the helpless ball python from behind!
You scratch the ball python.
You kill the ball python!
The hobgoblin barely misses your rat.
Your rat barely misses the hobgoblin.
Your bat barely misses the frilled lizard.
Your rat disappears in a puff of smoke!
Your bat closely misses the frilled lizard.
The frilled lizard bites your bat.
Your bat misses the frilled lizard.
Your bat disappears in a puff of smoke!
Your bat completely misses the frilled lizard.
A dart slug comes into view.
Your bat misses the frilled lizard. You scratch the frilled lizard.
You kill the frilled lizard!
Your bat misses the hobgoblin. Your bat hits the hobgoblin.
You closely miss the hobgoblin.
The hobgoblin is lightly wounded.
Your bat closely misses the hobgoblin.
Your bat barely misses the hobgoblin. x2
The hobgoblin completely misses you. The hobgoblin hits your bat.
Your bat dies!
Your bat's corpse disappears in a puff of smoke!
You scratch the hobgoblin but do no damage.
The hobgoblin is lightly wounded.
Your bat closely misses the hobgoblin.
The hobgoblin hits you.
Your bat hits the hobgoblin but does no damage.
The hobgoblin hits you. x2
Ouch! That really hurt!
You die...

##### ##...##
##.....## #.......#
#.......# #...$...#
#.....# ##.gb..##
###########.@gb...#
#.........#......w...
####...###...###..##.
#.............#.##
#.............# .
#...###...###....##
#...#<......#....#
#.. #.......#.....#
##.............##.#


You could see a dart slug, 2 hobgoblins and 2 friendly bats.

Vanquished Creatures
  A ball python (D:1)
  A bat (D:1)
  A frilled lizard (D:1)
3 creatures vanquished.

Notes
Turn   | Place    | Note
-------+----------+-------------------------------------------
     0 | D:1      | purpskrrrp the Felid Summoner began the quest for the Orb.
     0 | D:1      | Reached XP level 1. HP: 7/7 MP: 4/4
    30 | D:1      | Slain by a hobgoblin

Illustrated notes

Levels and vault maps discovered:
D:1:      minmay_arrival_open_corners, layout_rooms, serial_shops,
          nicolae_shop_overgrown_old_shop

Action                     || total
---------------------------++-------
  Melee: Unarmed           ||     6
   Cast: Summon Small Mamm ||     5
   Stab: Distracted        ||     1
  Dodge: Dodged            ||     2

Table legend: (Time is in decaauts)
 A = Elapsed time spent in this place.
 B = Non-inter-level travel time spent in this place.
 C = Inter-level travel time spent in this place.
 D = Time resting spent in this place.
 E = Time spent auto-exploring this place.
 F = Levels seen in this place.
 G = Mean time per level.
                   A        B        C        D        E       F      G
               +--------+--------+--------+--------+--------+-----+--------+
         Total |     26 |     26 |      0 |      0 |      9 |   1 |   26.0 |
       Dungeon |     26 |     26 |      0 |      0 |      9 |   1 |   26.0 |
               +--------+--------+--------+--------+--------+-----+--------+

Top non-repeatable levels by time:
     D:1: 26 daAuts
